[Event "Titled Tuesday Blitz May 4 2021"]
[White "Srisshhhtea"]
[Black "Budrewicz, Krzysztof"]
[BlackFideId "1127950"]
[WhiteElo "2394"]
[BlackElo "2276"]
[Result "0-1"]
[Round "11"]
[TimeControl "180+1"]
[Date "2021.05.04"]
[WhiteClock "0:00:18"]
[BlackClock "0:01:18"]

1. d4 Nf6 2. c4 g6 3. Nc3 Bg7 4. e4 O-O 5. Bd3 d6 6. Nge2 e5 7. O-O Nc6 8. d5 Ne7 9. Rb1 Nd7 10. Ng3 f5 11. exf5 Nxf5 12. f4 Nxg3 13. hxg3 exf4 14. Bxf4 Ne5 15. Qd2 Nxd3 16. Bg5 Qe8 17. Rxf8+ Bxf8 18. Qxd3 Bf5 19. Qd1 Bxb1 20. Qxb1 Bg7 21. Ne4 Qe5 22. Bf4 Qf5 23. Qe1 Bd4+ 24. Kf1 Rf8 25. Qe2 g5 26. Nxg5 Qxg5 27. Qe6+ Kh8 28. Qe4 Qf6 29. b3 Be5 30. Kg1 Bxf4 31. gxf4 Qxf4 32. Qe7 Qf7 33. Qe4 Qf1+ 34. Kh2 Qf4+ 35. Qxf4 Rxf4 36. Kg3 Rd4 37. Kf3 Rd2 38. a4 Rb2 39. Ke4 Rxb3 40. Kd4 Ra3 41. c5 Rxa4+ 42. Kc3 dxc5 43. g4 Rxg4 44. Kd2 Rd4+ 45. Ke3 Rxd5 46. Ke4 c6 47. Kf4 a5 48. Ke4 a4 49. Ke3 a3 50. Kf3 a2 51. Ke2 a1=Q 52. Kf2 Qa3 53. Ke2 b6 54. Ke1 Qb2 55. Kf1 Rd1# 0-1


[Site "https://www.chess.com"]

[Event "Titled Tuesday Blitz May 4 2021"]
[White "Steil-Antoni, Fiona"]
[Black "Belanoff, Ted"]
[WhiteFideId "4001249"]
[BlackFideId "2070588"]
[WhiteElo "2059"]
[BlackElo "2173"]
[Result "1-0"]
[Round "11"]
[TimeControl "180+1"]
[Date "2021.05.04"]
[WhiteClock "0:00:14"]
[BlackClock "0:00:21"]

1. e4 d5 2. e5 c6 3. f4 Bf5 4. Nf3 e6 5. d3 Bc5 6. Nbd2 Ne7 7. Nb3 Bb6 8. a4 a5 9. d4 Nd7 10. h3 h5 11. Bd3 h4 12. c3 Bxd3 13. Qxd3 Nf5 14. Be3 Qe7 15. Bf2 c5 16. dxc5 Nxc5 17. Nxc5 O-O 18. Nb3 Bxf2+ 19. Kxf2 Ng3 20. Rhe1 Rac8 21. Nbd2 Qc7 22. Nxh4 Nh5 23. g3 Qb6+ 24. Qe3 Qxb2 25. Rab1 Qa2 26. Ra1 Qb2 27. Reb1 Qc2 28. Rc1 Qb2 29. Nf3 g6 30. Nd4 Qb6 31. Rab1 Qc7 32. Rb5 b6 33. Ne2 Rb8 34. Rcb1 Ng7 35. g4 Ne8 36. Rxb6 Rc8 37. Rb7 Qc6 38. Rb8 Nc7 39. Rxc8 Rxc8 40. Qb6 Qxa4 41. Qb7 Qd7 42. Nd4 Kg7 43. Nb5 d4 44. Nxd4 Qd8 45. Ne4 Kg8 46. Nd6 Ra8 47. Rb6 f6 48. Rc6 fxe5 49. Qxc7 Qxc7 50. Rxc7 exd4 51. cxd4 a4 52. Rc2 a3 53. Ra2 Ra6 54. Nc4 Ra4 55. Nxa3 Rxd4 56. Ke3 Rb4 57. Nc4 Rb3+ 58. Ke4 Rxh3 59. Kd4 Kf7 60. Ra8 Rg3 61. Ra7+ Kf6 62. g5+ Kf5 63. Ne5 Kxf4 64. Nd3+ Kxg5 65. Ra5+ Kf6 66. Re5 Rg4+ 67. Re4 Rg5 68. Rf4+ Ke7 69. Rf1 Kd6 70. Ra1 Rg4+ 71. Ke3 Rh4 72. Ra6+ Ke7 73. Nf4 g5 74. Ng6+ Kf6 75. Nxh4 gxh4 76. Kf4 h3 77. Kg3 Kf5 78. Kxh3 Kf4 79. Kg2 e5 80. Kf2 Ke4 81. Ke2 Kd4 82. Ra4+ Kd5 83. Ke3 Ke6 84. Ra5 Kf5 85. Rb5 Kg5 86. Ke4 Kh4 87. Rxe5 Kg4 88. Rf5 Kh4 89. Rf8 Kg5 90. Rf1 1-0


[Site "https://www.chess.com"]

[Event "Titled Tuesday Blitz May 4 2021"]
[White "Stepak, Yedael"]
[Black "Girish, A. Koushik"]
[WhiteFideId "2800454"]
[BlackFideId "5038448"]
[WhiteElo "2146"]
[BlackElo "2387"]
[Result "0-1"]
[Round "11"]
[TimeControl "180+1"]
[Date "2021.05.04"]
[WhiteClock "0:00:47"]
[BlackClock "0:01:17"]

1. d4 Nf6 2. c4 e6 3. Nf3 d5 4. e3 b6 5. Nc3 Bb7 6. cxd5 exd5 7. Bb5+ c6 8. Bd3 Nbd7 9. O-O Bd6 10. Qe2 O-O 11. h3 Re8 12. Qc2 c5 13. b3 Rc8 14. Bb2 Ne4 15. Rad1 Ndf6 16. Bb5 Re7 17. Nxe4 dxe4 18. Ne5 cxd4 19. Nc6 Bxc6 20. Bxc6 d3 21. Qc4 Rec7 22. Rc1 Rxc6 23. Qxc6 Rxc6 24. Rxc6 Qd7 25. Rcc1 Nd5 26. a3 f5 27. g3 f4 28. gxf4 Qxh3 29. Rc6 Bxf4 30. exf4 Nxf4 31. Rc8+ Qxc8 0-1


[Site "https://www.chess.com"]

[Event "Titled Tuesday Blitz May 4 2021"]
[White "Suasnabar, Jesus"]
[Black "Rakshitta, Ravi"]
[WhiteFideId "3800776"]
[BlackFideId "25073230"]
[WhiteElo "2002"]
[BlackElo "1873"]
[Result "1-0"]
[Round "11"]
[TimeControl "180+1"]
[Date "2021.05.04"]
[WhiteClock "0:00:12"]
[BlackClock "0:00:37"]

1. e4 e5 2. Nf3 Nc6 3. d4 exd4 4. Bc4 Bc5 5. c3 Nf6 6. cxd4 Bb4+ 7. Bd2 Bxd2+ 8. Nbxd2 d5 9. exd5 Nxd5 10. O-O O-O 11. Ne5 Nce7 12. Qb3 f6 13. Nd3 Kh8 14. Rfe1 c6 15. Rad1 Nb6 16. Ne4 Nxc4 17. Qxc4 Nd5 18. Nc3 Bf5 19. Nxd5 cxd5 20. Qb5 b6 21. Nb4 Qd6 22. Qxd5 Qxb4 23. Qxf5 Rfe8 24. Rxe8+ Rxe8 25. Qb1 Rd8 26. d5 Qc4 27. d6 Qc6 28. Qd3 h6 29. d7 Qe6 30. Qc2 Qe7 31. Qc7 Kh7 32. Qxa7 Qe2 33. Qa4 b5 34. Qd4 Qe7 35. Qd3+ Kh8 36. Qxb5 Kg8 37. h3 Kf7 38. Qd5+ Kf8 39. b4 Qxb4 40. Qd6+ Qxd6 41. Rxd6 Ke7 42. Rd2 Rxd7 43. Rxd7+ Kxd7 44. Kh2 Kd6 45. Kg3 Kc5 46. Kf4 Kb4 47. Kf5 Ka3 48. Kg6 Kxa2 49. Kxg7 f5 50. Kxh6 f4 51. Kg5 f3 52. gxf3 Kb3 53. f4 Kc3 54. f5 Kd2 55. f6 Ke2 56. f7 Kxf2 57. f8=Q+ Kg3 58. h4 Kh3 59. h5 Kg3 60. h6 Kg2 61. h7 Kg3 62. h8=Q Kg2 63. Qhg7 Kg3 64. Kh6+ Kh4 65. Qff6+ Kh3 66. Qgg5 Kh2 67. Qff4+ Kh1 68. Qfh4# 1-0


[Site "https://www.chess.com"]

[Event "Titled Tuesday Blitz May 4 2021"]
[White "Suvorov, Alexander"]
[Black "Navalgund, Niranjan"]
[WhiteFideId "12977063"]
[BlackFideId "5030854"]
[WhiteElo "2221"]
[BlackElo "2290"]
[Result "1-0"]
[Round "11"]
[TimeControl "180+1"]
[Date "2021.05.04"]
[WhiteClock "0:00:04"]
[BlackClock "0:00:13"]

1. d4 Nf6 2. c4 Nc6 3. Nf3 e6 4. a3 d6 5. Nc3 g6 6. e4 Bg7 7. Be2 O-O 8. Be3 Re8 9. h3 e5 10. d5 Nd4 11. O-O Nxe2+ 12. Qxe2 Nh5 13. Ne1 Qh4 14. Nd3 f5 15. exf5 Bxf5 16. Ne1 e4 17. Qd2 Be5 18. Bg5 e3 19. Bxe3 Qxc4 20. Nf3 Bg7 21. Nd4 Rf8 22. Rac1 Qa6 23. Ncb5 Rac8 24. Nxc7 Qd3 25. Qxd3 Bxd3 26. Rfd1 Be4 27. Nce6 Rfe8 28. Nxg7 Nxg7 29. Nb5 Rxc1 30. Rxc1 Bxd5 31. Nxd6 Rd8 32. Nb5 a6 33. Nd4 Ne8 34. b4 b5 35. Nf3 Kf7 36. Ne5+ Ke6 37. Nd3 Kf7 38. Nc5 Rd6 39. Rd1 Nf6 40. Bf4 Rc6 41. Be5 Be6 42. Bxf6 Kxf6 43. Rd8 a5 44. Rb8 axb4 45. axb4 Bc4 46. g4 Kg5 47. Kg2 h5 48. Kg3 h4+ 49. Kf3 Bd5+ 50. Ke3 Bc4 51. f4+ Kf6 52. Kd4 Rd6+ 53. Ke4 Rd1 54. Rb6+ Kg7 55. g5 Re1+ 56. Kd4 Rh1 57. Rb7+ Kf8 58. Ke5 Rf1 59. Ne4 Re1 60. Kd4 Bf1 61. Rb6 Bxh3 62. Nf6 Bf5 63. Rxb5 h3 64. Rb8+ Kf7 65. Rh8 Rb1 66. Kc5 Rc1+ 67. Kb6 Rc4 68. b5 Rxf4 69. Kc6 Rc4+ 70. Kd6 Rb4 71. Kc5 Rb2 72. b6 h2 73. Kc6 Bc8 74. Kc7 Ba6 75. Rh7+ Ke6 76. Kc6 Kf5 77. Rh3 Kxg5 78. Nd5 Bf1 79. Rg3+ Kh4 80. Rxg6 Be2 81. Rh6+ Bh5 82. Nf4 Kg4 83. Rxh5 Kxf4 84. b7 Kg4 85. Rxh2 Rxh2 86. b8=Q Rc2+ 87. Kd7 Rd2+ 88. Ke6 Re2+ 89. Kf6 Kf3 90. Qb3+ Re3 91. Qb1 Kf2 92. Kf5 Re1 93. Qc2+ Re2 94. Qc5+ Kf3 95. Qd5+ Ke3 96. Qc5+ Kf3 97. Qc3+ Re3 98. Qd2 Re2 99. Qd3+ Kf2 100. Kf4 Re1 101. Qf3+ Kg1 102. Kg3 Re2 103. Qxe2 1-0


[Site "https://www.chess.com"]

[Event "Titled Tuesday Blitz May 4 2021"]
[White "Sviridova, Vlada"]
[Black "Garcia Blanco, Omar"]
[WhiteFideId "24109606"]
[BlackFideId "2287153"]
[WhiteElo "2101"]
[BlackElo "2273"]
[Result "1-0"]
[Round "11"]
[TimeControl "180+1"]
[Date "2021.05.04"]
[WhiteClock "0:00:17"]
[BlackClock "0:00:02"]

1. d4 Nf6 2. c4 c5 3. d5 b5 4. cxb5 a6 5. bxa6 g6 6. Nc3 Bxa6 7. Nf3 Bg7 8. g3 d6 9. Bg2 Nbd7 10. Rb1 Nb6 11. b3 Bb7 12. Nh4 e6 13. dxe6 Bxg2 14. exf7+ Kxf7 15. Nxg2 d5 16. O-O d4 17. Nb5 Nbd5 18. a4 Qd7 19. Nf4 Nxf4 20. Bxf4 Nd5 21. Qd3 Nxf4 22. gxf4 Rhe8 23. Qc4+ Kf6 24. Qxc5 Qg4+ 25. Kh1 Qxf4 26. Qxd4+ Qxd4 27. Nxd4 Kf7 28. e3 Red8 29. Rfd1 Rd6 30. Nb5 Rb6 31. Rd7+ Kf6 32. Rbd1 Bf8 33. f4 Re8 34. R1d3 Kf5 35. Kg2 Kg4 36. h3+ Kf5 37. Kf3 h5 38. R7d5+ Kf6 39. e4 Ke6 40. e5 Kf7 41. Rd7+ Kg8 42. R3d5 Rc8 43. Ke4 Rc1 44. Rd8 Re1+ 45. Kd3 Rh1 46. Ke4 Rxh3 47. Rc8 Kf7 48. Rdd8 Be7 49. Rd7 Ke6 50. Rcc7 Bf8 51. Rf7 Bc5 52. Rxc5 Kxf7 53. Rc7+ Ke6 54. Nd4# 1-0


[Site "https://www.chess.com"]

[Event "Titled Tuesday Blitz May 4 2021"]
[White "Tari, Aryan"]
[Black "Jarovinsky, Alexey"]
[WhiteFideId "1510045"]
[BlackFideId "14115131"]
[WhiteElo "2656"]
[BlackElo "2446"]
[Result "1/2-1/2"]
[Round "11"]
[TimeControl "180+1"]
[Date "2021.05.04"]
[WhiteClock "0:00:10"]
[BlackClock "0:00:03"]

1. e4 c6 2. d4 d5 3. exd5 cxd5 4. Bd3 Nc6 5. c3 Nf6 6. h3 g6 7. Qc2 Bd7 8. Nf3 Qc8 9. O-O Bf5 10. Re1 Bg7 11. Bf4 O-O 12. Bxf5 Qxf5 13. Qc1 Rac8 14. a3 Na5 15. Ra2 Nb3 16. Qd1 Qxf4 17. Qxb3 Rc7 18. Nbd2 Ne4 19. Nf1 e6 20. Raa1 g5 21. Qc2 h5 22. Ne5 Bxe5 23. dxe5 g4 24. hxg4 hxg4 25. Qe2 f5 26. exf6 Rxf6 27. g3 Qxf2+ 28. Qxf2 Nxf2 29. Ne3 Ne4 30. Rf1 Rcf7 31. Nxg4 Rxf1+ 32. Rxf1 Rxf1+ 33. Kxf1 Nxg3+ 34. Kf2 Ne4+ 35. Ke3 Kf7 36. Kd4 Ke7 37. c4 Kd6 38. Ne5 Nc5 39. Nf7+ Kc6 40. Ne5+ Kd6 41. Nf7+ Kc6 42. Nd8+ Kd6 43. Nf7+ 1/2-1/2


[Site "https://www.chess.com"]

[Event "Titled Tuesday Blitz May 4 2021"]
[White "Terletsky, Oleg"]
[Black "Iljushina, Olga"]
[WhiteFideId "14116774"]
[BlackFideId "4152280"]
[WhiteElo "2094"]
[BlackElo "1967"]
[Result "1-0"]
[Round "11"]
[TimeControl "180+1"]
[Date "2021.05.04"]
[WhiteClock "0:01:04"]
[BlackClock "0:00:57"]

1. e4 c5 2. Nf3 Nc6 3. d4 cxd4 4. Nxd4 e5 5. Nb5 d6 6. N1c3 a6 7. Na3 b5 8. Nd5 Nge7 9. c4 Nd4 10. cxb5 Nxd5 11. exd5 Be7 12. Bd3 O-O 13. O-O f5 14. bxa6 Bxa6 15. Bxa6 Rxa6 16. Nc2 Nxc2 17. Qxc2 Qa8 18. a4 Qxd5 19. Rd1 Qe6 20. b4 Rc8 21. Qd3 Rc4 22. Bd2 e4 23. Qb3 d5 24. b5 Ra8 25. a5 Bf6 26. Rac1 Rac8 27. a6 Rxc1 28. Rxc1 Rxc1+ 29. Bxc1 Bd4 30. Be3 Qb6 31. Qxd5+ Kf8 32. Bxd4 1-0


[Site "https://www.chess.com"]

[Event "Titled Tuesday Blitz May 4 2021"]
[White "The_filthy"]
[Black "Bommini, Mounika Akshaya"]
[BlackFideId "25019872"]
[WhiteElo "2407"]
[BlackElo "1610"]
[Result "0-1"]
[Round "11"]
[TimeControl "180+1"]
[Date "2021.05.04"]
[WhiteClock "0:01:11"]
[BlackClock "0:01:21"]

1. e4 Nc6 2. Nf3 d6 3. Nc3 Nf6 4. d4 Bg4 5. Bb5 a6 6. Bxc6+ bxc6 7. h3 Bh5 8. Qe2 e6 9. O-O Be7 10. b3 O-O 11. Bb2 Rb8 12. Rfe1 Qc8 13. g4 Bg6 14. Nh4 Nd7 15. Nxg6 fxg6 16. Qc4 Nb6 17. Qxc6 Bh4 18. Re2 Rf3 19. Kg2 Qf8 20. Rf1 Qf7 21. Nd1 Rf8 22. Bc1 Rg3+ 23. Kh2 Qf3 24. Re3 Qg2# 0-1


[Site "https://www.chess.com"]

[Event "Titled Tuesday Blitz May 4 2021"]
[White "Tikhonov, Viacheslav"]
[Black "Gritsenko, Nikolai"]
[WhiteFideId "44196407"]
[BlackFideId "14112493"]
[WhiteElo "1773"]
[BlackElo "2389"]
[Result "0-1"]
[Round "11"]
[TimeControl "180+1"]
[Date "2021.05.04"]
[WhiteClock "0:00:55"]
[BlackClock "0:00:07"]

1. Nf3 c5 2. c4 b6 3. b3 Bb7 4. g3 Bxf3 5. exf3 Nc6 6. f4 Nf6 7. Bg2 g6 8. O-O Bg7 9. Bb2 O-O 10. Na3 Rc8 11. Nc2 d6 12. d4 Nd7 13. Rb1 cxd4 14. Nxd4 Nxd4 15. Bxd4 Bxd4 16. Qxd4 Rc7 17. h4 Nf6 18. Rfe1 Rc5 19. Bf3 e5 20. Qd2 Re8 21. Rbd1 e4 22. Bg2 d5 23. cxd5 Rxd5 24. Qe2 Rxd1 25. Rxd1 Qc7 26. Qd2 Qc5 27. Qd4 Qxd4 28. Rxd4 e3 29. fxe3 Rxe3 30. Rd2 Rxg3 31. Kf2 Rg4 32. Kf3 Rxh4 33. Rd6 Kg7 34. Bf1 h6 35. Bc4 g5 36. fxg5 hxg5 37. Rc6 Rf4+ 38. Kg3 Ne4+ 39. Kg2 g4 40. Rc7 Rf2+ 41. Kg1 g3 42. Bd5 Ng5 43. Bg2 Rxa2 44. Bd5 Nh3+ 45. Kf1 Rf2+ 46. Ke1 g2 47. Bxg2 Rxg2 48. Rxa7 Rg6 49. Ke2 Re6+ 50. Kf3 Ng5+ 51. Kg4 Kg6 52. b4 Ne4 53. Ra8 Nf6+ 54. Kh3 Nd5 55. b5 Nc3 56. Rg8+ Kf6 57. Rh8 Nxb5 58. Rh6+ Ke7 59. Rh5 Nd6 60. Rh4 Rg6 61. Rb4 b5 62. Kh4 Kd7 63. Kh5 Kc6 64. Rb1 Kb6 65. Rf1 b4 66. Rf5 Rh6+ 0-1


[Site "https://www.chess.com"]

[Event "Titled Tuesday Blitz May 4 2021"]
[White "Todorovic, Bojan"]
[Black "Garcia Garcia, Alejandro"]
[WhiteFideId "917087"]
[BlackFideId "3516334"]
[WhiteElo "2266"]
[BlackElo "2131"]
[Result "0-1"]
[Round "11"]
[TimeControl "180+1"]
[Date "2021.05.04"]
[WhiteClock "0:00:26"]
[BlackClock "0:02:03"]

1. Nf3 Nf6 2. g3 g6 3. Bg2 Bg7 4. O-O O-O 5. c4 d6 6. Nc3 e5 7. d3 Re8 8. Bg5 h6 9. Bxf6 Qxf6 10. Nd2 c6 11. b4 Qd8 12. Rb1 e4 13. Qc2 exd3 14. Qxd3 Nd7 15. Nce4 f5 16. Nxd6 Ne5 17. Nxe8 Nxd3 18. Nxg7 Ne5 19. Nxf5 Bxf5 20. e4 Qxd2 21. exf5 gxf5 22. Rfe1 Nd3 23. Re7 Qxf2+ 24. Kh1 Kf8 25. Rxb7 Ne1 26. Bh3 Qf3+ 27. Kg1 Qe3+ 28. Kf1 Qd3+ 29. Kxe1 Qxb1+ 30. Kf2 Qxa2+ 31. Kg1 Qxc4 0-1


[Site "https://www.chess.com"]

[Event "Titled Tuesday Blitz May 4 2021"]
[White "Tokhirjonova, Gulrukhbegim"]
[Black "Aslanov, Umid"]
[WhiteFideId "14203626"]
[BlackFideId "13412620"]
[WhiteElo "2236"]
[BlackElo "1796"]
[Result "0-1"]
[Round "11"]
[TimeControl "180+1"]
[Date "2021.05.04"]
[WhiteClock "0:00:03"]
[BlackClock "0:00:57"]

1. e4 c5 2. Nf3 d6 3. d4 cxd4 4. Nxd4 Nf6 5. Nc3 a6 6. Nb3 g6 7. Be2 Nbd7 8. Be3 Bg7 9. Qd2 O-O 10. Bh6 b5 11. Bxg7 Kxg7 12. a3 Nb6 13. O-O Bb7 14. Qe3 Rc8 15. Rad1 Qc7 16. Kh1 Na4 17. Nxa4 bxa4 18. Nd4 Nxe4 19. c3 e5 20. Nc2 a5 21. f4 f5 22. Bb5 Rf7 23. Ne1 Bc6 24. Bc4 Re7 25. Nf3 exf4 26. Qxf4 d5 27. Qxc7 Rcxc7 28. Bxd5 Bb5 29. c4 Bxc4 30. Bxc4 Rxc4 31. Nd2 Rc2 32. Nxe4 fxe4 33. Rd5 e3 34. Rxa5 e2 35. Re1 Rd2 36. Kg1 Re4 37. Rb5 Rf4 38. Re5 Rxb2 39. R5xe2 Rb3 40. Re3 Rb2 41. R3e2 Rxe2 42. Rxe2 Kf6 43. h3 Rc4 44. Re3 h5 45. Kf2 Kf5 46. Kf3 g5 47. Rd3 Ke5 48. Re3+ Kd4 49. g4 hxg4+ 50. hxg4 Rc3 51. Rxc3 Kxc3 52. Ke4 Kb3 53. Kd3 Kxa3 54. Kc3 Ka2 55. Kc2 a3 56. Kc1 Kb3 57. Kb1 Kc3 58. Ka2 Kd3 59. Kxa3 Ke3 60. Kb2 Kf3 61. Kc2 Kxg4 62. Kd1 Kh3 63. Ke1 Kh2 64. Kf2 g4 0-1


[Site "https://www.chess.com"]

[Event "Titled Tuesday Blitz May 4 2021"]
[White "Triapishko, Alexandr"]
[Black "Shimelkov, Vasiliy"]
[WhiteFideId "14122286"]
[BlackFideId "13701630"]
[WhiteElo "2490"]
[BlackElo "2073"]
[Result "1-0"]
[Round "11"]
[TimeControl "180+1"]
[Date "2021.05.04"]
[WhiteClock "0:00:48"]
[BlackClock "0:00:02"]

1. d4 d5 2. c4 e6 3. Nf3 Nf6 4. Nc3 Be7 5. Bf4 O-O 6. e3 b6 7. Rc1 Bb7 8. cxd5 exd5 9. Bd3 c5 10. O-O Na6 11. Ne5 Nc7 12. Bg3 Ne6 13. Ne2 Ne4 14. Bxe4 dxe4 15. dxc5 Nxc5 16. Nd4 Bf6 17. b4 Bxe5 18. bxc5 Bxg3 19. hxg3 bxc5 20. Rxc5 Ba6 21. Re1 Rc8 22. Rxc8 Qxc8 23. Qd2 h6 24. Rc1 Qd7 25. Qa5 Bd3 26. Qe5 Rc8 27. Rxc8+ Qxc8 28. Nf5 Qf8 29. Ne7+ Kh8 30. g4 Bc2 31. g5 h5 32. g6 Bd1 33. f3 f5 34. Qh2 Bxf3 35. gxf3 Qxe7 36. Qxh5+ 1-0


[Site "https://www.chess.com"]

[Event "Titled Tuesday Blitz May 4 2021"]
[White "Trost, Edvin"]
[Black "Zhukov, Anton"]
[WhiteFideId "1729519"]
[BlackFideId "34187534"]
[WhiteElo "2028"]
[BlackElo "2172"]
[Result "1-0"]
[Round "11"]
[TimeControl "180+1"]
[Date "2021.05.04"]
[WhiteClock "0:02:06"]
[BlackClock "0:01:48"]

1. d4 Nf6 2. Nf3 e6 3. h4 c5 4. c3 Nc6 5. h5 h6 6. g3 b6 7. Bg2 Bb7 8. Bf4 Be7 9. Nbd2 d5 10. Ne5 Nd7 11. Nxc6 Bxc6 12. e4 dxe4 13. Nxe4 Qc8 14. O-O Nf6 15. Qe2 O-O 16. Rad1 cxd4 17. Rxd4 Nxe4 18. Bxe4 Bxe4 19. Qxe4 Bf6 20. Rd3 Qc5 21. Bd6 Qxh5 22. Bxf8 Rxf8 23. Rd7 a5 24. Kg2 Rc8 25. Rfd1 Qb5 26. R1d2 Bg5 27. Qb7 Rc5 28. Rxf7 Bf6 29. Rd8+ 1-0


[Site "https://www.chess.com"]

[Event "Titled Tuesday Blitz May 4 2021"]
[White "Urazayev, Arystanbek"]
[Black "Yang, Kaiqi"]
[WhiteFideId "13709810"]
[BlackFideId "8604398"]
[WhiteElo "2321"]
[BlackElo "2373"]
[Result "0-1"]
[Round "11"]
[TimeControl "180+1"]
[Date "2021.05.04"]
[WhiteClock "0:00:01"]
[BlackClock "0:00:03"]

1. e4 c5 2. Nf3 d6 3. d4 cxd4 4. Nxd4 Nf6 5. Nc3 g6 6. Be3 a6 7. f3 b5 8. Qd2 Bb7 9. O-O-O Nbd7 10. Kb1 h5 11. Bd3 b4 12. Nd5 Bxd5 13. exd5 Nxd5 14. Ne6 Qa5 15. Bd4 Bh6 16. Qe1 N7f6 17. Bc4 fxe6 18. Qxe6 Rf8 19. Rhe1 Qc7 20. Bxd5 Nxd5 21. Qxg6+ Rf7 22. Qxh6 Rc8 23. Rd2 Nc3+ 24. Kc1 Nxa2+ 25. Kd1 Nc3+ 26. bxc3 bxc3 27. Rde2 Qc4 28. Qe3 Rb8 29. Bb6 Qd5+ 0-1


[Site "https://www.chess.com"]

[Event "Titled Tuesday Blitz May 4 2021"]
[White "Valdes Romero, Leonardo"]
[Black "Volkov, Maksim"]
[WhiteFideId "6500331"]
[BlackFideId "54123070"]
[WhiteElo "2497"]
[BlackElo "2113"]
[Result "1-0"]
[Round "11"]
[TimeControl "180+1"]
[Date "2021.05.04"]
[WhiteClock "0:01:39"]
[BlackClock "0:01:18"]

1. e4 c5 2. Nf3 e6 3. c3 d5 4. exd5 exd5 5. Bb5+ Bd7 6. Qe2+ Qe7 7. Bxd7+ Nxd7 8. Qxe7+ Bxe7 9. d4 Ngf6 10. O-O Ne4 11. Be3 O-O 12. Nbd2 f5 13. dxc5 Ndxc5 14. Nb3 Nd3 15. Rab1 g5 16. Rfd1 g4 17. Rxd3 gxf3 18. gxf3 Nf6 19. Bg5 Rad8 20. Rbd1 Kf7 21. Bxf6 Kxf6 22. Rxd5 Rg8+ 23. Kf1 Rc8 24. Nd4 Rg5 25. Re1 Rh5 26. Re6+ Kf7 27. Rd7 Re8 28. Rxb7 Rxh2 29. Rxa7 Rh4 30. Re5 Kg6 31. Rexe7 1-0


[Site "https://www.chess.com"]

[Event "Titled Tuesday Blitz May 4 2021"]
[White "ValeriyGrinev"]
[Black "Djordjevic, Vuk"]
[BlackFideId "902098"]
[WhiteElo "2626"]
[BlackElo "2463"]
[Result "0-1"]
[Round "11"]
[TimeControl "180+1"]
[Date "2021.05.04"]
[WhiteClock "0:00:19"]
[BlackClock "0:00:09"]

1. d4 Nf6 2. c4 e6 3. Nc3 Bb4 4. e3 O-O 5. Ne2 d5 6. a3 Be7 7. cxd5 exd5 8. b4 c6 9. Ng3 Nbd7 10. Nf5 b5 11. Bd3 Nb6 12. Nxe7+ Qxe7 13. O-O a5 14. bxa5 Rxa5 15. Qb3 Be6 16. Ne2 Rfa8 17. Nf4 Nc4 18. Nxe6 Qxe6 19. Re1 Qd6 20. e4 dxe4 21. Bxc4 bxc4 22. Qxc4 Ra4 23. Qc5 Qxd4 24. Qxd4 Rxd4 25. Bb2 Rc4 26. Rac1 Raa4 27. Bxf6 gxf6 28. Rxc4 Rxc4 29. g3 f5 30. Rd1 Kf8 31. Rd7 Ke8 32. Rc7 h6 33. Kg2 Rc2 34. Kf1 Rc3 35. a4 Rc5 36. Ke2 f6 37. Rh7 Ra5 38. Rxh6 Ke7 39. Rh7+ Ke6 40. Rc7 Kd5 41. Rf7 Ke6 42. Rc7 c5 43. h4 f4 44. gxf4 Kf5 45. h5 Kxf4 46. h6 Rxa4 47. Rxc5 Ra2+ 48. Ke1 Ra1+ 49. Ke2 Rh1 50. Rc2 Rxh6 51. Ra2 Rh3 52. Rb2 Rd3 53. Ra2 Rh3 54. Rb2 f5 55. Ra2 Kg4 56. Kf1 Rd3 57. Kg2 Kf4 58. Ra5 Rd6 59. Rb5 Rd2 60. Kg1 Re2 61. Ra5 Kg4 62. Ra8 Rc2 63. Rg8+ Kf3 64. Rg3+ Kf4 65. Ra3 Rd2 66. Rb3 Rd3 67. Rb5 Kg4 68. Rb8 f4 69. Rh8 Rd2 70. Rh7 Kf3 71. Rh3+ Ke2 72. Rh7 Rd1+ 73. Kg2 f3+ 74. Kg3 Rg1+ 75. Kf4 Kxf2 76. Kxe4 Rg4+ 77. Kd3 Kg2 78. Rf7 f2 79. Ke2 Re4+ 80. Kd3 Re5 81. Rg7+ Kf3 82. Rf7+ Kg3 83. Rg7+ Kf4 84. Rf7+ Kg3 85. Rg7+ Kh2 86. Rf7 Kg2 87. Rg7+ Kf1 88. Kd2 Rd5+ 89. Kc2 Ke2 90. Re7+ Kf3 91. Rf7+ Ke3 92. Re7+ Kf4 93. Rf7+ Rf5 0-1


[Site "https://www.chess.com"]

[Event "Titled Tuesday Blitz May 4 2021"]
[White "Velickovic, Zoran"]
[Black "Rosenberg, Evan S"]
[WhiteFideId "14601184"]
[BlackFideId "2019299"]
[WhiteElo "2341"]
[BlackElo "2145"]
[Result "1-0"]
[Round "11"]
[TimeControl "180+1"]
[Date "2021.05.04"]
[WhiteClock "0:01:14"]
[BlackClock "0:00:05"]

1. Nf3 d5 2. g3 Bg4 3. Bg2 Nd7 4. c4 e6 5. O-O c6 6. d4 Ngf6 7. Nc3 Bd6 8. Qb3 Qb8 9. Re1 h5 10. h4 b6 11. e4 dxe4 12. Nxe4 Nxe4 13. Rxe4 Nf6 14. Re1 Qc7 15. Bg5 Bxg3 16. fxg3 Qxg3 17. Bxf6 gxf6 18. Nh2 Qxb3 19. axb3 Kd7 20. d5 cxd5 21. cxd5 Rag8 22. Kf2 Rh7 23. Nf3 Rhg7 24. dxe6+ Ke7 25. exf7+ Kxf7 26. Rac1 Kg6 27. Rc6 Kh7 28. Rxf6 Rc8 29. Re2 Rg6 30. Ng5+ Rxg5 31. hxg5 Bxe2 32. Kxe2 Rc2+ 33. Kf1 Rxb2 34. Be4+ Kg7 35. Rg6+ Kf7 36. Rd6 Rxb3 37. Bd5+ Ke7 38. Re6+ 1-0


[Site "https://www.chess.com"]

[Event "Titled Tuesday Blitz May 4 2021"]
[White "Voege, Tobias"]
[Black "Alboredo, Julia"]
[WhiteFideId "1270513"]
[BlackFideId "2124807"]
[WhiteElo "2283"]
[BlackElo "2041"]
[Result "0-1"]
[Round "11"]
[TimeControl "180+1"]
[Date "2021.05.04"]
[WhiteClock "0:00:02"]
[BlackClock "0:00:08"]

1. d4 Nf6 2. c4 g6 3. Nc3 Bg7 4. Nf3 d6 5. Bg5 O-O 6. e3 c6 7. Be2 a6 8. a4 a5 9. O-O Na6 10. Nd2 Nb4 11. f4 d5 12. Nf3 h6 13. Bh4 Bf5 14. Rc1 Ne4 15. cxd5 Nxc3 16. bxc3 Nxd5 17. Qd2 Nf6 18. Bxf6 exf6 19. Bd3 Bxd3 20. Qxd3 Re8 21. e4 Qd7 22. Rb1 c5 23. d5 Qxa4 24. c4 Qd7 25. Rb5 a4 26. Ra1 a3 27. Nd2 a2 28. Rb2 Qg4 29. g3 h5 30. Rbxa2 Rxa2 31. Rxa2 h4 32. Kg2 h3+ 33. Kf2 Qd1 34. Qf1 Qg4 35. Qe2 Qd7 36. Qf3 b5 37. cxb5 Qxb5 38. Rc2 Ra8 39. Qe2 Qb4 40. Qc4 Qa3 41. Qxc5 Qa1 42. Qc3 Qh1 43. Nf3 Qg2+ 44. Ke3 Qf1 45. Qe1 Ra3+ 46. Kd4 Qxf3 47. Rc8+ Kh7 48. Rc3 f5+ 49. e5 Rxc3 50. Qxc3 Qe4+ 51. Kc5 Bf8+ 52. d6 Qb7 53. Qc4 f6 54. Qe6 fxe5 55. fxe5 Qa7+ 56. Kc6 Qa4+ 57. Kc7 Qc2+ 58. Kd7 Qxh2 59. Qf7+ Bg7 60. e6 Qa2 61. Ke7 Qa3 62. Kd7 h2 63. e7 h1=Q 64. Kd8 Qb7 65. e8=Q Qaa8# 0-1


[Site "https://www.chess.com"]

[Event "Titled Tuesday Blitz May 4 2021"]
[White "Von Buelow, Georg"]
[Black "Nosacheva, Mariya"]
[WhiteFideId "4620658"]
[BlackFideId "34111422"]
[WhiteElo "2222"]
[BlackElo "2035"]
[Result "1-0"]
[Round "11"]
[TimeControl "180+1"]
[Date "2021.05.04"]
[WhiteClock "0:00:10"]
[BlackClock "0:00:06"]

1. e4 c5 2. Nf3 d6 3. d4 cxd4 4. Nxd4 Nf6 5. Nc3 a6 6. f4 e5 7. Nf3 exf4 8. Bxf4 Nc6 9. Qd2 Be7 10. O-O-O Be6 11. Bxd6 Bxd6 12. Qxd6 Qa5 13. Nd5 Bxd5 14. exd5 Rd8 15. Qg3 Qxa2 16. Qxg7 Qa1+ 17. Kd2 Ne4+ 18. Ke2 Qa4 19. Qxh8+ Ke7 20. Qxh7 Qxc2+ 21. Ke3 Qxd1 22. Qxe4+ Kf8 23. dxc6 Re8 24. Qxe8+ Kxe8 25. cxb7 Qb3+ 26. Bd3 Qxb7 27. Rb1 a5 28. b3 Qb4 29. Nd2 Qd6 30. h3 Qg3+ 31. Kd4 Qxg2 32. Kc3 Qxh3 33. Nc4 Qh5 34. Re1+ Kf8 35. Re5 Qd1 36. Rxa5 Qe1+ 37. Kd4 Qg1+ 38. Kd5 Qg3 39. Kd4 Qg1+ 40. Kc3 Qe1+ 41. Nd2 Qc1+ 42. Bc2 Qe1 43. Rd5 Qe6 44. Rd3 Qf6+ 45. Rd4 Qc6+ 46. Rc4 Qf6+ 47. Rd4 Qe5 48. Nc4 Qg3+ 49. Kb2 Qg7 50. Kc3 Qg3+ 51. Bd3 Qe1+ 52. Kc2 Qf2+ 53. Kc3 Qa2 54. Rd8+ Kg7 55. Rd6 Qa1+ 56. Kc2 Qa2+ 57. Kc3 Qa8 58. Rd4 Qa1+ 59. Nb2 Qc1+ 60. Bc2 Qe3+ 61. Rd3 Qe1+ 62. Rd2 Qe5+ 63. Rd4 Qa5+ 64. b4 Qa3+ 65. Bb3 Qa1 66. Rd2 Qc1+ 67. Rc2 Qe1+ 68. Kc4 Qe4+ 69. Kc3 Qc6+ 70. Bc4 Qb6 71. Kb3 Qd4 72. Rc3 Qd1+ 73. Rc2 Qf3+ 74. Nd3 Qe3 75. b5 Qc5 76. Rg2+ Kf6 77. Rf2+ Ke7 78. Re2+ Kf8 79. Re5 Qd4 80. Rf5 f6 81. Rd5 Qa1 82. Nb2 Qa5 83. Rf5 Ke7 84. Rf2 Qb6 85. Re2+ Kd7 86. Na4 Qg1 87. Rd2+ Kc7 88. Nc3 Kb7 89. Nd5 Qg3+ 90. Nc3 Qe5 91. Re2 Qd4 92. Re6 Qf2 93. Re7+ Kb6 94. Na4+ Ka5 95. Nc3 Qf3 96. Re6 Qh3 97. Ra6# 1-0


[Site "https://www.chess.com"]